 Dungeon Crawl Stone Soup version 0.27.1-34-g3ba077fa99 (webtiles) character file.

Game seed: 702844296129569639

132 cbfl8 the Chucker (level 4, 0/42 HPs)
             Began as a Troll Hunter on Jan 14, 2022.
             Slain by Purgy (2 damage)
             ... in a sewer.
             The game lasted 00:18:13 (3715 turns).

cbfl8 the Chucker (Troll Hunter)                    Turns: 3715, Time: 00:18:13

Health: 0/42       AC:  4    Str: 20    XL:     4   Next: 92%
Magic:  3/3        EV: 10    Int:  8    God:
Gold:   137        SH:  0    Dex: 10    Spells: 1/3 levels left

rFire    . . .     SeeInvis .   g - +0 hand axe
rCold    . . .     Faith    .   (no shield)
rNeg     . . .     Spirit   .   b - +0 robe
rPois    .         Reflect  .   (helmet restricted)
rElec    .         Harm     .   (no cloak)
rCorr    .         Rampage  .   (gloves unavailable)
Will     .....                  (boots unavailable)
Stlth    +.........             (no amulet)
HPRegen  1.14/turn              (no ring)
MPRegen  0.08/turn              (no ring)

@: brilliant
A: large, unfitting armour, claws 3, regeneration 1, shaggy fur 1, tough skin 1
a: no special abilities


You were in a sewer.
You visited 1 branch of the dungeon, and saw 4 of its levels.
You also visited: Sewer.

You collected 170 gold pieces.
You spent 33 gold pieces at shops.

Inventory:

Hand Weapons
 a - a +0 short sword
 e - a +0 great sword
 g - a +0 hand axe (weapon)
Missiles
 c - 5 large rocks
 d - 2 throwing nets
 h - 8 silver javelins (quivered)
 l - 13 poisoned darts
 o - 10 arrows
Armour
 b - a +0 robe (worn)
 k - a +0 ring mail
 n - a +0 pair of gloves
 q - a +0 buckler
Magical Staves
 p - a staff of earth
Scrolls
 f - 4 scrolls of identify
 i - a scroll of teleportation
 j - a scroll of amnesia


   Skills:
 + Level 2.0 Fighting
 + Level 2.1 Short Blades
 + Level 0.2 Axes
 + Level 0.3 Staves
 + Level 4.1 Throwing
 + Level 2.4 Dodging
 + Level 0.4 Stealth


You had one spell level left.
You knew the following spells:

 Your Spells              Type           Power      Damage    Failure   Level
a - Ensorcelled Hibernat  Hex/Ice        0%         N/A       54%         2

Your spell library contained the following spells:

 Spells                   Type           Power      Damage    Failure   Level
 Corona                   Hex            0%         N/A       41%         1
 Frozen Ramparts          Ice            0%         1d2       78%         3
 Tukima's Dance           Hex            0%         N/A       78%         3
 Ice Form                 Ice/Tmut       0%         N/A       99%         4
 Summon Ice Beast         Ice/Summ       0%         N/A       99%         4


Dungeon Overview and Level Annotations

Branches:
Dungeon (4/15)              Sewer (1/1)
 Temple: D:4-7

Altars:
Elyvilon
Vehumet

Shops:
D:4 ?

Annotations:
D:3 JJisdabomb's ghost, amateur DsAK Sewer Purgy


Innate Abilities, Weirdness & Mutations

You are too large for most types of armour.
You have claws for hands.
Your natural rate of healing is unusually fast.
You are covered in fur. (AC +1)
You have tough skin. (AC +1)


Message History

Purgy bites you! Purgy closely misses you. Purgy claws you.
* * * LOW HITPOINT WARNING * * *
You enter the shallow water.
Moving in this stuff is going to be slow.
You hit Purgy.
Purgy is lightly wounded.
Purgy bites you.
* * * LOW HITPOINT WARNING * * *
Purgy closely misses you. Purgy claws you but does no damage.
You hit Purgy but do no damage.
Purgy is lightly wounded.
Purgy bites you but does no damage. Purgy claws you but does no damage. x2
Purgy barely misses you. Purgy claws you but does no damage. x2
You closely miss Purgy.
Purgy is lightly wounded.
Purgy barely misses you. Purgy claws you.
* * * LOW HITPOINT WARNING * * *
Purgy claws you.
* * * LOW HITPOINT WARNING * * *
You barely miss Purgy.
Purgy is lightly wounded.
Purgy bites you.
* * * LOW HITPOINT WARNING * * *
Purgy claws you.
* * * LOW HITPOINT WARNING * * *
Purgy barely misses you.
As you read the scroll of teleportation, it crumbles to dust.
You feel strangely unstable.
Purgy snarls, "Go!
Away!"
Purgy closely misses you. Purgy misses you. Purgy claws you.
* * * LOW HITPOINT WARNING * * *
Purgy bites you but does no damage. Purgy claws you but does no damage.
Purgy claws you.
* * * LOW HITPOINT WARNING * * *
Your surroundings seem slightly different.
Splash!
Purgy bites you!
* * * LOW HITPOINT WARNING * * *
Purgy claws you.
You die...

#..†.≈≈≈.+
####.≈≈≈.#
####.≈≈§.#
#..'.≈≈≈.+
####.≈≈≈.#
####.≈≈≈.#
#∩....∩..+
####.T≈≈.#
####@≈≈≈.#
#..'.≈≈≈.+
####.≈≈≈.#
####.≈≈≈.#
#..'.≈≈≈.+
####.≈≈≈.#
####.≈≈≈.####
#..'.≈≈≈.'..#
#############


You could see Purgy.

Vanquished Creatures
  7 adders
  3 worms (D:2)
  5 orcs (D:2)
  4 endoplasms
  3 giant cockroaches (D:1)
  5 goblins
  4 hobgoblins
  4 quokkas
  3 ball pythons
  6 bats
  4 frilled lizards
  4 kobolds
  5 rats
57 creatures vanquished.

Notes
Turn   | Place    | Note
-------+----------+-------------------------------------------
     0 | D:1      | cbfl8 the Troll Hunter began the quest for the Orb.
     0 | D:1      | Reached XP level 1. HP: 19/19 MP: 0/0
   403 | D:1      | Reached XP level 2. HP: 27/27 MP: 1/1
   635 | D:1      | Reached skill level 4 in Throwing
  1156 | D:2      | Reached skill level 1 in Short Blades
  1203 | D:2      | Reached XP level 3. HP: 33/33 MP: 2/2
  1225 | D:2      | Found a radiant altar of Vehumet.
  1466 | D:2      | Reached XP level 4. HP: 23/42 MP: 3/3
  2043 | D:3      | Found a faded altar of an unknown god.
  2264 | D:3      | Found a white marble altar of Elyvilon.
  2562 | D:3      | Found a runed translucent door.
  2564 | D:3      | Noticed JJisdabomb's ghost (amateur DsAK)
  2609 | D:3      | Learned a level 2 spell: Ensorcelled Hibernation
  3343 | D:4      | Found Yciam's Magic Scroll Emporium.
  3359 | D:4      | Bought a scroll of teleportation for 33 gold pieces
  3460 | D:4      | Found a glowing drain.
  3494 | Sewer    | Entered a sewer
  3670 | Sewer    | Noticed Purgy
  3715 | Sewer    | HP: 2/42 [Purgy (8)]
  3715 | Sewer    | Slain by Purgy

Illustrated notes

Levels and vault maps discovered:
D:1:      saegor_arrival_miasma, layout_basic
D:2:      layout_rooms, basic_altar, amcnicky_mini_corridor_feature,
          dk_noncrumbling_3, kennysheep_generic_room_12
D:3:      layout_loops_ring, nicolae_elyvilon_peaceful_grove,
          shapermc_ecumenical_altar_notcrosses, ebering_ghost_sewer_d
D:4:      layout_basic, serial_shops, nicolae_diamond_shop,
          portal_sewer_entry_d, uniq_sigmund
Sewer:    kennysheep_door_sewer

Skill      XL: |  1  2  3  4 |
---------------+-------------+-----
Throwing       | 4 |  4.1
Short Blades   | 1 2 |  2.1
Dodging        | 2 |  2.4
Fighting       | 2 |  2.0
Axes           | |  0.2
Staves         | |  0.3
Stealth        | |  0.4

Action                   |  1- 3 |  4- 6 || total
-------------------------+-------+-------++-------
Melee: Short sword       |   157 |    17 ||   174
       Hand axe          |       |   128 ||   128
       Staff             |       |    51 ||    51
  Use: Potion            |     1 |     4 ||     5
       Scroll            |       |     7 ||     7
 Stab: Sleeping          |       |     1 ||     1
Armor: Robe              |    72 |   113 ||   185
Dodge: Dodged            |    90 |   175 ||   265
